 Dungeon Crawl Stone Soup version 0.20-a0 (webtiles) character file.

41 varam the Chopper (level 3, 0/23 HPs)
             Began as a Gargoyle Fighter on Oct 27, 2016.
             Was an Initiate of Okawaru.
             Slain by a kobold
             ... wielding a +3 hand axe
              (3 damage)
             ... on level 2 of the Dungeon.
             The game lasted 00:00:57 (490 turns).

varam the Chopper (Gargoyle Fighter)                 Turns: 490, Time: 00:00:58

Health: 0/23       AC: 10    Str: 19    XL:     3   Next: 52%
Magic:  3/3        EV:  7    Int:  8    God:    Okawaru [......]
Gold:   87         SH:  9    Dex: 10    Spells: 0 memorised, 2 levels left

rFire  . . .     SeeInvis .     a - +0 war axe
rCold  . . .     Gourm    .     b - +0 scale mail
rNeg   + . .     Faith    .     c - +0 shield
rPois  ∞         Spirit   .     (no helmet)
rElec  +         Reflect  .     (no cloak)
rCorr  .         Harm     .     (no gloves)
MR     .....                    (no boots)
Stlth  ..........               (no amulet)
                                (no ring)
                                (no ring)

@: no status effects
A: negative energy resistance 1, electricity resistance, unbreathing,
petrification resistance, rot immunity, AC +3
a: Renounce Religion


You were on level 2 of the Dungeon.
You worshipped Okawaru.
Okawaru was noncommittal.
You were not hungry.

You visited 1 branch of the dungeon, and saw 2 of its levels.

You collected 87 gold pieces.

Inventory:

Hand Weapons
 a - a +0 war axe (weapon)
Armour
 b - a +0 scale mail (worn)
 c - a +0 shield (worn)
Scrolls
 e - a scroll of amnesia {unknown}
 h - 3 scrolls of identify {unknown}
 l - a scroll of immolation {unknown}
Potions
 d - a potion of might
 j - a potion of haste {unknown}
 k - a potion of heal wounds {unknown}
Comestibles
 f - 2 bread rations
 g - a beef jerky
 i - 2 chunks of flesh


   Skills:
 - Level 3.2 Fighting
 * Level 3.4 Axes
 - Level 3.2 Armour
 - Level 3.2 Shields


You had 2 spell levels left.
You didn't know any spells.

Dungeon Overview and Level Annotations

Branches:
Dungeon (2/15)

Altars:
Okawaru


Innate Abilities, Weirdness & Mutations

You are resistant to torment.
Your stone body is resilient. (AC +3)
You are immune to poison.
You resist negative energy. (rN+)
You are resistant to electric shocks. (rElec)
You can survive without breathing.
You are immune to petrification.
You are immune to rotting.


Message History

You see here a stone.
A gnoll comes into view. It is wielding a halberd.
A bat comes into view.
The gnoll shouts! x2; You hear a shout!
The gnoll hits you with a halberd.
A gnoll comes into view. It is wielding a spear.
You slash the gnoll!
The gnoll is heavily wounded.
The gnoll hits you but does no damage. x2; The gnoll hits you with a halberd.
You barely miss the gnoll.
The gnoll is heavily wounded.
You hit the kobold but do no damage. The kobold hits you but does no damage.
The gnoll hits you from afar with a spear.
The gnoll hits you with a halberd!
* * * LOW HITPOINT WARNING * * *
The kobold hits you but does no damage. You block the gnoll's attack.
The gnoll throws a throwing net.
The throwing net barely misses you.
The kobold hits you with an enchanted hand axe.
You die...

. ..# .. ..#########.# #.
.........##(# #.##
.g.......##.# ..#
.........##.#####.#
......$.bg..g.....###+#######
........g##..................
.........##...K..............
..#########....@.............
# #.....(..#.........
#...........#...##
#.......#...#...#.
#.......#...#...#.####
#.......#...#...#.#..#
#.......#...#...#.#..#
##########..#...#.#..#
#.>.........#


You could see 2 gnolls, a bat and a kobold.

Vanquished Creatures
  An adder (D:2)
  2 oozes (D:1)
  A dart slug (D:1)
  A ball python (D:1)
  2 giant cockroaches (D:1)
  A goblin (D:1)
  5 hobgoblins
  2 bats (D:1)
  2 kobolds (D:1)
  5 rats
22 creatures vanquished.

Notes
Turn   | Place    | Note
-------+----------+-------------------------------------------
     0 | D:1      | varam the Gargoyle Fighter began the quest for the Orb.
     0 | D:1      | Reached XP level 1. HP: 14/14 MP: 1/1
    48 | D:1      | Reached XP level 2. HP: 13/19 MP: 2/2
   151 | D:1      | Reached XP level 3. HP: 19/23 MP: 3/3
   363 | D:2      | Found an iron altar of Okawaru.
   371 | D:2      | Became a worshipper of Warmaster Okawaru
   490 | D:2      | Slain by a kobold

Vault maps used:
D:1:      erik_arrival_gehennom, minivault_27, kennysheep_another_room
D:2:      okawaru_metal_pillars_1_2, minmay_quantized

Skill      XL: |  1  2 |
---------------+-------+-----
Axes           | 2 3 |  3.4
Fighting       | |  3.2
Armour         | |  3.2
Shields        | |  3.2

Action                   || total
-------------------------++-------
Melee: War axe           ||    80
Armor: Scale mail        ||    44
Dodge: Dodged            ||    25
Block: Shield            ||    39
